 Dungeon Crawl Stone Soup version 0.26.1-2-gb8aa6d0cf2 (webtiles) character file.

Game seed: 8868704725857424591

280 Iskender the Ruffian (level 6, -3/54 HPs)
             Began as a Palentonga Delver on Feb 15, 2021.
             Killed by divine providence
             ... invoked by an orc priest
              (14 damage)
             ... on level 4 of the Dungeon.
             The game lasted 00:19:30 (3581 turns).

Iskender the Ruffian (Palentonga Delver)            Turns: 3581, Time: 00:19:31

Health: -3/54      AC:  5    Str: 17    XL:     6   Next: 5%
Magic:  6/6        EV: 13    Int: 16    God:
Gold:   140        SH:  4    Dex: 12    Spells: 5/5 levels left

rFire    . . .     SeeInvis +     - Unarmed
rCold    . . .     Faith    .   A - +0 buckler
rNeg     . . .     Spirit   .   p - +0 ring mail
rPois    .         Reflect  .   (no helmet)
rElec    .         Harm     .   (no cloak)
rCorr    .         Rampage  .   (no gloves)
Will     .....                  (no barding)
Stlth    ++........             B - amulet of the acrobat
HPRegen  0.18/turn              q - +4 ring of evasion
MPRegen  0.10/turn              j - +6 ring of intelligence

@: no status effects
A: large, rugged brown scales 3, see invisible, deformed body, roll 1, armoured
tail
a: Rolling Charge


You were on level 4 of the Dungeon.
You visited 1 branch of the dungeon, and saw 5 of its levels.

You collected 140 gold pieces.

Inventory:

Hand Weapons
 a - a +0 quarterstaff
 t - a +0 war axe
 u - a +1 dagger of venom
 x - a +0 spear
Missiles
 z - 5 boomerangs
 D - 13 poisoned darts
Armour
 b - a +0 leather armour
 p - a +0 ring mail (worn)
 A - a +0 buckler (worn)
Jewellery
 j - a +6 ring of intelligence (right hand)
 q - a +4 ring of evasion (left hand)
 w - an uncursed amulet of guardian spirit
 B - an amulet of the acrobat (around neck)
Wands
 f - a wand of polymorph (8)
 g - a wand of digging (3)
Scrolls
 c - 2 scrolls of fog
 d - 2 scrolls of magic mapping
 e - a scroll of fear
 i - a scroll of remove curse
 l - a scroll of identify
 m - 2 scrolls of teleportation
 o - a scroll of noise {unknown}
 y - a scroll of enchant armour {unknown}
 C - a scroll of amnesia {unknown}
Potions
 h - a potion of lignification {unknown}
 k - a potion of brilliance
 n - 2 potions of curing
 r - a potion of might
 s - a potion of cancellation
 v - a potion of invisibility {unknown}


   Skills:
 - Level 3.0 Fighting
 - Level 3.2 Axes
 - Level 1.5 Dodging
 - Level 3.3 Stealth
 - Level 2.4 Shields
 + Level 4.2 Unarmed Combat


You had 5 spell levels left.
You didn't know any spells.
Your spell library was empty.

Dungeon Overview and Level Annotations

Branches:
Dungeon (5/15)
 Temple: D:4-7

Altars:
Ru
Uskayaw
Yredelemnul

Annotations:
D:3 3 runed translucent doors, CryoSword's ghost, amateur TeAE


Innate Abilities, Weirdness & Mutations

You are completely covered in rugged brown scales. (AC +3, +7% HP)
You have supernaturally acute eyesight. (SInv)
Armour fits poorly on your strangely shaped body.
You can roll at nearby foes to attack.
You have a long armoured tail.


Message History

The orc priest barely misses you.
The orc wizard hits you but does no damage.
You barely miss the orc priest.
Your tail-slap misses the orc priest.
The orc priest is severely wounded.
The orc priest closely misses you.
The orc wizard hits you but does no damage.
You closely miss the orc priest.
Your tail-slap misses the orc priest.
The orc priest is severely wounded.
The orc priest hits you with a +0 morningstar!
* * * LOW HITPOINT WARNING * * *
You barely miss the orc priest.
You tail-slap the orc priest, but do no damage.
The orc priest is severely wounded.
The orc wizard barely misses you.
You barely miss the orc priest. You tail-slap the orc priest.
The orc priest is almost dead.
The orc wizard misses you.
The orc priest invokes the aid of Beogh against you.
Beogh smites you!
You die...

##.......###(##.####
#.......## #.......#
.##...#.# #.##.##.#
# ##.##......##.##.#
#.#######.##.##.#
#.# #.##....# #+# #.
###..# #.####..#
#...o@..# ###.##o##
#.. #.# ........#
###.....# ##.#..#
#...## ##o# #+# #.#


You could see an orc priest and an orc wizard.

Vanquished Creatures
  2 orc priests
  Ijyb (D:3)
  A worker ant (D:4)
  3 gnolls
  5 adders
  An ooze (D:3)
  3 worms
  3 dart slugs
  3 leopard geckos (D:3)
  8 orcs (D:3)
  5 giant cockroaches
  8 goblins
  5 hobgoblins
  5 jackals
  5 kobolds
  A ball python (D:2)
  4 bats
  4 frilled lizards
  5 rats
72 creatures vanquished.

Notes
Turn   | Place    | Note
-------+----------+-------------------------------------------
     0 | D:5      | Iskender the Palentonga Delver began the quest for the Orb.
     0 | D:5      | Reached XP level 1. HP: 20/20 MP: 1/1
    48 | D:4      | Noticed an orc priest
    48 | D:4      | Noticed an orc wizard
    48 | D:4      | Noticed an orc priest
   101 | D:3      | Reached XP level 2. HP: 18/27 MP: 2/2
   252 | D:3      | Found a runed translucent gate.
   252 | D:3      | Found a runed translucent gate.
   252 | D:3      | Found a runed translucent gate.
   256 | D:3      | Noticed CryoSword's ghost (amateur TeAE)
   367 | D:2      | Reached skill level 1 in Unarmed Combat
   367 | D:2      | Reached XP level 3. HP: 14/33 MP: 3/3
  1002 | D:1      | Reached skill level 2 in Unarmed Combat
  1273 | D:2      | Found a sacrificial altar of Ru.
  1477 | D:2      | Reached XP level 4. HP: 40/40 MP: 4/4
  1664 | D:2      | Found a basalt altar of Yredelemnul.
  1837 | D:2      | Noticed a +0 dagger
  1838 | D:2      | Noticed a +0 hand axe
  1839 | D:2      | Found a hide-covered altar of Uskayaw.
  1965 | D:3      | Reached skill level 3 in Unarmed Combat
  2495 | D:3      | Reached XP level 5. HP: 44/48 MP: 3/5
  2530 | D:3      | Noticed Ijyb
  2536 | D:3      | Reached skill level 1 in Shields
  2551 | D:3      | Killed Ijyb
  3453 | D:4      | Reached skill level 4 in Unarmed Combat
  3574 | D:4      | Reached XP level 6. HP: 20/54 MP: 6/6
  3581 | D:4      | Killed from afar by an orc priest

Illustrated notes

Levels and vault maps discovered:
D:1:      elethiomel_arrival_quiet, layout_basic
D:2:      layout_basic, nicolae_overflow_crystal_walls, nicolae_ru_awakened_eye,
          dancing_weapons_uskayaw
D:3:      minmay_door_path, layout_basic, gammafunk_ghost_split, chequers_jeans,
          uniq_ijyb
D:4:      layout_loops_corners, tgw_trog, gammafunk_temple_overflow_claw,
          uniq_pikel
D:5:      layout_basic, gammafunk_ghost_necromancy, serial_shops,
          nicolae_shop_competitors_out_of_business, uniq_duvessa

Skill      XL: |  1  2  3  4  5 |
---------------+----------------+-----
Axes           | 3 |  3.2
Unarmed Combat | 1 2 3 4 |  4.2
Shields        | 2 |  2.4
Fighting       | |  3.0
Dodging        | |  1.5
Stealth        | |  3.3

Action                   |  1- 3 |  4- 6 || total
-------------------------+-------+-------++-------
Melee: Quarterstaff      |    96 |    56 ||   152
       Hand axe          |     5 |       ||     5
       Tailslap          |    10 |    15 ||    25
       Unarmed           |     3 |    86 ||    89
Throw: Stone             |     4 |    13 ||    17
       Boomerang         |       |     1 ||     1
 Abil: Rolling Charge    |     9 |     4 ||    13
  Use: Potion            |     1 |     3 ||     4
       Scroll            |     3 |       ||     3
Armor: Leather armour    |    31 |       ||    31
       Ring mail         |    10 |    28 ||    38
Dodge: Dodged            |    64 |    78 ||   142
Block: Buckler           |       |     8 ||     8
